Map: Curious Minds LE

Players

Warthog - Winner!

  • Race: Terran Terran
  • League: Master
  • Spawn Location: 11:00

MMRDonator

  • Race: Protoss Protoss
  • League: Master
  • Spawn Location: 5:00

VOD

Have the link to the VOD?

Description

Time

  • Played on: Jan. 4, 2022, 8:53 p.m.
  • Length: 10:48
Show
View Real Time Build Order
Export as new Build Order

Warthog Terran - Winner!

Build Orders:  

Get SALT Encoding   

  12  0:00  SCV  
  13  0:12  SCV  
  14  0:19  Supply Depot  
  14  0:24  SCV  
  15  0:41  SCV  
  16  0:43  Barracks  
  16  0:48  Refinery  
  16  0:53  SCV  
  17  1:05  SCV  
  18  1:17  SCV  
  19  1:33  Orbital Command, Marine  
  20  1:45  Command Center  
  20  1:56  Barracks Reactor  
  20  1:57  Supply Depot  
  20  2:00  SCV  
  21  2:12  SCV  
  22  2:23  Barracks  
  22  2:24  SCV  
  22  2:25  Barracks  
  23  2:32  Marine x2  
  25  2:37  SCV  
  26  2:47  Engineering Bay  
  26  2:51  Marine x2  
  26  2:53  SCV  
  26  2:58  Orbital Command  
  30  3:05  SCV  
  30  3:13  Barracks Tech Lab x2  
  30  3:14  Terran Infantry Weapons Level 1  
  30  3:17  SCV, Marine x2  
  33  3:25  SCV  
  34  3:29  SCV  
  35  3:36  Stimpack, Marine x3  
  35  3:37  Marine  
  35  3:38  Supply Depot  
  40  3:41  SCV  
  40  3:42  SCV  
  40  3:45  Combat Shield  
  41  3:54  Marine  
  41  4:00  Marine  
  41  4:01  Supply Depot, Marine x2  
  41  4:02  SCV x2  
  46  4:05  Refinery x2  
  46  4:12  Marine  
  46  4:14  SCV  
  48  4:21  Marine x2  
  48  4:22  Marine  
  51  4:24  SCV  
  51  4:25  Factory  
  51  4:27  SCV  
  53  4:36  SCV  
  53  4:37  Supply Depot  
  54  4:39  SCV, Marine x2  
  54  4:40  Marauder x2  
  61  4:53  SCV  
  61  4:58  SCV, Marine x2  
  61  4:59  Refinery  
  65  5:00  Supply Depot  
  65  5:01  Marauder, Marine  
  68  5:08  Terran Infantry Armor Level 1  
  68  5:14  Starport, Factory Reactor  
  68  5:16  Marine x2  
  63  5:31  Marine  
  63  5:32  Marauder  
  63  5:34  Marine x2  
  59  5:49  SCV x2  
  56  5:50  Marauder  
  56  5:52  Marine x2  
  56  5:53  Marauder  
  60  5:58  Supply Depot  
  60  6:01  SCV x2  
  60  6:02  Medivac x2  
  66  6:07  Factory Reactor  
  66  6:09  Marine  
  69  6:11  Marauder  
  69  6:15  Marauder  
  69  6:19  Concussive Shells, Marine  
  69  6:22  Command Center  
  70  6:28  Armory  
  72  6:33  Marauder  
  72  6:35  Supply Depot  
  72  6:38  Marine x2  
  72  6:39  Marauder  
  73  6:44  SCV x2  
  75  6:47  Supply Depot  
  75  6:49  Medivac, Widow Mine  
  75  6:50  Medivac, Widow Mine  
  82  6:54  Marauder  
  82  6:56  Marine  
  79  7:09  Marauder, Marine  
  79  7:14  Marine  
  79  7:15  Barracks, Terran Infantry Weapons Level 2  
  83  7:16  Supply Depot, Barracks  
  83  7:20  SCV x2  
  85  7:24  Marauder  
  85  7:27  Marine  
  88  7:32  Widow Mine x2  
  88  7:33  Medivac  
  88  7:36  Medivac  
  96  7:46  Marauder, Marine x2  
  96  7:47  SCV  
  96  7:48  SCV  
  102  7:53  Orbital Command  
  102  7:54  Marine  
  102  7:57  Widow Mine  
  105  8:01  Missile Turret  
  105  8:02  Missile Turret  
  105  8:08  Marauder  
  105  8:10  Marine x2  
  105  8:11  Widow Mine  
  105  8:12  Marine  
  114  8:13  Marauder  
  114  8:19  Marine  
  115  8:28  Marine x2  
  115  8:29  Medivac, Widow Mine, Marauder  
  115  8:30  Marine  
  124  8:34  SCV  
  124  8:40  Supply Depot  
  125  8:44  Supply Depot  
  125  8:45  Marauder  
  125  8:57  Marauder  
  125  9:01  SCV, Marine x2  
  125  9:02  Barracks Reactor, Widow Mine  
  131  9:03  Supply Depot  
  131  9:04  Barracks Tech Lab  
  131  9:06  Marauder  
  132  9:11  Ghost Academy, SCV x2  
  132  9:13  SCV, Starport  
  135  9:19  Marauder, Marine x2  
  135  9:23  Supply Depot  
  139  9:27  SCV  
  139  9:28  Marauder  
  142  9:35  Marauder  
  142  9:37  Marine x2  
  146  9:40  Marauder  
  146  9:44  Marine x2  
  148  9:47  SCV x2  
  148  9:49  Marauder  
  152  9:55  Marine x2  
  152  9:56  Medivac, Marauder, Widow Mine x2  
  162  10:02  Marauder, Marine  
  154  10:07  Marine  
  154  10:10  Marauder  
  154  10:12  Marine  
  158  10:18  Widow Mine x2, Marauder  
  157  10:23  Marauder  
  138  10:40  Refinery x2  
Show
View Real Time Build Order
Export as new Build Order

MMRDonator Protoss 

Build Orders: 1 Gate Expand, Blink Stalkers 

Get SALT Encoding   

  12  0:00  Probe  
  13  0:12  Probe  
  14  0:16  Pylon  
  14  0:24  Probe (Chrono Boost)  
  16  0:36  Gateway, Probe (Chrono Boost)  
  16  0:42  Probe (Chrono Boost)  
  16  0:45  Assimilator  
  17  0:51  Probe  
  18  1:03  Probe  
  19  1:16  Probe  
  20  1:23  Nexus  
  20  1:32  Cybernetics Core  
  20  1:35  Probe  
  21  1:41  Assimilator  
  21  1:49  Pylon  
  21  1:52  Probe (Chrono Boost)  
  22  2:04  Probe (Chrono Boost)  
  23  2:09  Stalker  
  23  2:12  Warp Gate  
  23  2:13  Probe (Chrono Boost)  
  26  2:18  Probe (Chrono Boost)  
  27  2:24  Twilight Council  
  28  2:30  Probe (Chrono Boost)  
  28  2:37  Probe (Chrono Boost)  
  30  2:39  Probe (Chrono Boost)  
  30  2:40  Adept  
  30  2:44  Probe (Chrono Boost)  
  33  2:47  Probe (Chrono Boost)  
  33  2:49  Probe (Chrono Boost)  
  35  2:54  Blink (Chrono Boost)  
  35  2:56  Probe  
  36  3:01  Probe  
  37  3:06  Pylon  
  37  3:09  Probe  
  37  3:10  Stalker  
  40  3:13  Probe  
  41  3:21  Probe  
  41  3:22  Robotics Facility  
  41  3:25  Probe  
  43  3:33  Probe  
  44  3:36  Gateway  
  44  3:37  Probe  
  45  3:45  Probe  
  45  3:46  Gateway  
  46  3:49  Probe  
  47  3:57  Shield Battery, Probe  
  47  4:01  Probe  
  47  4:02  Stalker  
  49  4:13  Probe  
  49  4:15  Pylon  
  50  4:18  Nexus  
  50  4:20  Pylon  
  50  4:23  Assimilator  
  50  4:24  Probe  
  50  4:27  Stalker  
  50  4:29  Probe  
  54  4:34  Stalker  
  54  4:37  Probe  
  57  4:40  Shield Battery  
  57  4:43  Stalker  
  59  4:50  Stalker  
  61  4:53  Probe x2  
  61  4:55  Charge  
  61  4:57  Forge  
  63  5:00  Stalker  
  63  5:01  Forge  
  63  5:05  Probe x2  
  67  5:13  Pylon  
  67  5:16  Pylon  
  67  5:18  Pylon  
  63  5:30  Stalker x3  
  63  5:33  Probe x2  
  63  5:35  Probe  
  66  5:45  Probe x2  
  66  5:47  Probe  
  66  5:48  Gateway  
  59  5:50  Gateway  
  59  5:52  Protoss Ground Weapons Level 1 (Chrono Boost), Gateway, Protoss Ground Armor Level 1 (Chrono Boost)  
  57  5:57  Stalker x3  
  57  5:58  Probe  
  57  6:00  Probe  
  57  6:03  Probe  
  66  6:10  Probe  
  61  6:20  Stalker x3  
  61  6:23  Gateway  
  61  6:25  Probe x2  
  65  6:44  Stalker x5  
  72  7:07  Stalker x4  
  78  7:10  Nexus  
  78  7:12  Pylon  
  78  7:20  Zealot x2  
  82  7:23  Assimilator  
  82  7:26  Nexus  
  82  7:30  Zealot x2  
  82  7:34  Zealot x2  
  90  7:42  Templar Archives  
  90  7:45  Zealot x2  
  90  7:49  Protoss Ground Armor Level 2 (Chrono Boost), Pylon  
  90  7:50  Pylon  
  94  7:58  Protoss Ground Weapons Level 2 (Chrono Boost)  
  94  8:04  Pylon  
  94  8:07  Zealot x2  
  91  8:20  Observer  
  89  8:37  Photon Cannon  
  89  8:39  Photon Cannon  
  88  8:49  Zealot x2  
  88  8:50  Zealot x3  
  98  9:01  Probe x2  
  100  9:11  High Templar  
  100  9:12  High Templar x3  
  100  9:13  Zealot x2, Probe x2  
  100  9:15  Archon  
  100  9:16  Archon  
  114  9:21  Pylon  
  117  9:33  Gateway  
  117  9:35  Gateway  
  117  9:36  Zealot x2  
  118  9:44  Zealot x3  
  120  9:50  Zealot  
  120  9:57  Assimilator x2  
  120  10:06  Zealot x4  
  102  10:24  Zealot x2  
  92  10:35  Zealot x4  
Tags
 
Add a new tag
Caveats
  • Supply blocks, unpowered buildings, or Contaminate may cause inaccurate times.
  • Supply counts are checked every 10 seconds.